 Dungeon Crawl Stone Soup version 0.30-a0-1163-gf69bf04e7a (webtiles) character file.

Game seed: 8169500161465936307

89 NinjaNoafa the Magician (level 4, -1/33 HPs)
             Began as a Djinni Conjurer on Apr 28, 2023.
             Killed by divine providence
             ... invoked by an orc priest
              (12 damage)
             ... on level 3 of the Dungeon.
             The game lasted 00:02:33 (1570 turns).

NinjaNoafa the Magician (Djinni Conjurer)           Turns: 1570, Time: 00:02:33

Health: -1/33      AC:  7    Str:  6    XL:     4   Next: 84%
Gold:   130        EV: 12    Int: 22    God:
                   SH:  0    Dex: 11

rFire   + + .        c - +0 short sword
rCold   x . .        (no shield)
rNeg    . . .        a - +0 robe
rPois   ∞            h - +0 helmet
rElec   .            (no cloak)
rCorr   .            (no gloves)
SInv    .            (boots unavailable)
Will    .....        g - amulet of the acrobat
Stlth   ++           n - +4 ring of protection
HPRegen 0.25/turn    (no ring)
MPRegen 0.00/turn

%: acrobat, infuse magic (-2 HP)
@: flying
A: sickness immunity, fire resistance 2, cold vulnerability 1, float, innate
caster, HP casting, extra vitality 1
a: no special abilities


You were on level 3 of the Dungeon.
You visited 1 branch of the dungeon, and saw 3 of its levels.

You collected 130 gold pieces.

Inventory:

Hand Weapons
 c - a +0 short sword (weapon)
Armour
 a - a +0 robe (worn)
 h - a +0 helmet (worn)
Magical Staves
 b - a staff of death
 e - a staff of fire
Jewellery
 g - an amulet of the acrobat (around neck)
 n - a +4 ring of protection (left hand)
Wands
 i - a wand of iceblast (11)
Scrolls
 d - 2 scrolls of blinking {unknown}
 f - a scroll of poison {unknown}
 j - a scroll of enchant weapon {unknown}
 k - 2 scrolls of magic mapping {unknown}
 l - a scroll of noise {unknown}
 m - a scroll of teleportation {unknown}
Potions
 o - a potion of ambrosia {unknown}


   Skills:
 + Level 2.0 Fighting
 - Level 2.1 Dodging
 - Level 1.5 Stealth
 * Level 4.2 Spellcasting


You knew the following spells:

 Your Spells              Type           Power      Damage    Failure   Level
a - Magic Dart            Conj           92%        1d7       1%          1
b - Searing Ray           Conj           46%        2d6       3%          2
c - Dazzling Flash        Conj/Hex       46%        N/A       6%          3
d - Fulminant Prism       Conj/Hex       11%        3d8       19%         4
e - Iskenderun's Mystic   Conj/Tloc      23%        2d6       19%         4
f - Necrotise             Necr           92%        1d8       1%          1
Your spell library was empty.

Dungeon Overview and Level Annotations

Branches:
Dungeon (3/15)

Altars:


Innate Abilities, Weirdness & Mutations

You are immune to sickness and miasma.
You are immune to poison.
Your flesh is very heat resistant. (rF++)
You are vulnerable to cold. (rC-)
You float through the air rather than walking.
You learn spells naturally, not from books.
Your magical power is your life essence.
You have superior vitality. (+4 MHP)


Message History

The searing ray hits the orc wizard.
The orc wizard is almost dead.
The searing ray hits the kobold.
You kill the kobold!
The searing ray misses the orc wizard.
The orc wizard misses you.
An orc priest comes into view. It is wielding a +0 whip.
The searing ray hits the orc wizard.
You kill the orc wizard!
The searing ray hits the frilled lizard!
You kill the frilled lizard!
You finish channelling your searing ray.
The orc priest shouts!
Your Fighting skill increases to level 2!
An orc priest comes into view. It is wielding a +0 trident.
Things that are here:
a +0 dagger; a +0 robe; a ball python corpse
Casting: Searing Ray (safe; 3% risk of failure)
Confirm with . or Enter, or press ? or * to list all spells.
Aiming: Necrotise (safe; 1% risk of failure)
Press: ? - help, Shift-Dir - straight line, f - orc priest
Aim: an orc priest, wielding a +0 whip (chance to affect: 81%)
The orc priest writhes in agony.
The orc priest mumbles some strange prayers to Beogh against you.
Beogh smites you!
* * * LOW HITPOINT WARNING * * *
Unknown command.
Unknown command.
An orc comes into view. It is wielding a +0 hand axe.
Casting: Necrotise (safe; 1% risk of failure)
Confirm with . or Enter, or press ? or * to list all spells.
Aiming: Searing Ray (safe; 3% risk of failure)
Press: ? - help, Shift-Dir - straight line, f/p - orc priest
Aim: an orc priest, wielding a +0 whip (moderately wounded, 78% to hit)
The searing ray hits the orc priest!
The orc priest is almost dead. (Press . to maintain the ray.)
* * * LOW HITPOINT WARNING * * *
The orc priest calls down the wrath of Beogh upon you.
Beogh smites you!
You die...

#.# #.### # #.##. #..
#########.##.
...oo#######.....)...##.
.....o.@)...............
.....#######.#######.##.
... ....................
. ########.#####.####.
#.# #....#. #.# ...#.##
..# .#.## # ### #.#.# #
#.#


You could see 2 orc priests and an orc.

Vanquished Creatures
  An orc wizard (D:3)
  An adder (D:2)
  A dart slug (D:1)
  2 orcs (D:3)
  6 bats
  2 endoplasms (D:2)
  3 giant cockroaches (D:1)
  5 goblins
  6 hobgoblins
  4 jackals (D:3)
  3 quokkas
  2 ball pythons
  2 frilled lizards
  4 kobolds
  4 rats
46 creatures vanquished.

Notes
Turn   | Place    | Note
-------+----------+-------------------------------------------
     0 | D:1      | NinjaNoafa the Djinni Conjurer began the quest for the Orb.
     0 | D:1      | NinjaNoafa set off with the following spells memorised:
                  | Magic Dart, Searing Ray, Dazzling Flash, Fulminant Prism,
                  | Iskenderun's Mystic Blast.
     0 | D:1      | Reached XP level 1. HP: 15/15 MP: 0/0
   253 | D:1      | Reached XP level 2. HP: 20/22 MP: 0/0
   311 | D:1      | Reached skill level 1 in Fighting
   375 | D:1      | Reached XP level 3. HP: 22/27 MP: 0/0
   375 | D:1      | Learned a level 1 spell: Necrotise
  1108 | D:2      | Reached XP level 4. HP: 31/32 MP: 0/0
  1354 | D:3      | Reached skill level 4 in Spellcasting
  1570 | D:3      | Killed from afar by an orc priest

Illustrated notes

Levels and vault maps discovered:
D:1:      enne_arrival_octagon_isle, layout_loops_cross
D:2:      layout_basic
D:3:      layout_basic, basic_ecumenical_altar, minivault_26

Skill      XL: |  1  2  3  4 |
---------------+-------------+-----
Fighting       | 1 2 |  2.0
Spellcasting   | 4 |  4.2
Dodging        | |  2.1
Stealth        | |  1.5

Action                     |  1- 3 |  4- 6 || total
---------------------------+-------+-------++-------
  Melee: Rapier            |     1 |       ||     1
         Short sword       |     3 |     3 ||     6
         Punch             |       |     1 ||     1
   Cast: Magic Dart        |    47 |     7 ||    54
         Searing Ray       |     4 |     9 ||    13
         Necrotise         |    14 |     1 ||    15
 Armour: Robe              |    10 |     3 ||    13
  Dodge: Dodged            |    20 |     6 ||    26

Table legend: (Time is in decaauts)
 A = Elapsed time spent in this place.
 B = Non-inter-level travel time spent in this place.
 C = Inter-level travel time spent in this place.
 D = Time resting spent in this place.
 E = Time spent auto-exploring this place.
 F = Levels seen in this place.
 G = Mean time per level.
                   A        B        C        D        E       F      G
               +--------+--------+--------+--------+--------+-----+--------+
         Total |   1568 |   1497 |     71 |      0 |   1224 |   3 |  522.7 |
       Dungeon |   1568 |   1497 |     71 |      0 |   1224 |   3 |  522.7 |
               +--------+--------+--------+--------+--------+-----+--------+

Top non-repeatable levels by time:
     D:2: 676 daAuts
     D:1: 666 daAuts
     D:3: 225 daAuts
